 Dungeon Crawl Stone Soup version 0.20.1-1-g8b1a95d (webtiles) character file.

116 Kingsmith the Magician (level 4, -1/30 HPs)
             Began as a Mummy Conjurer on Dec 7, 2017.
             Killed from afar by Sigmund (13 damage)
             ... with a wand of flame (?/48)
             ... on level 3 of the Dungeon.
             The game lasted 00:06:02 (3449 turns).

Kingsmith the Magician (Mummy Conjurer)             Turns: 3449, Time: 00:06:03

Health: -1/30      AC:  3    Str: 11    XL:     4   Next: 70%
Magic:  4/10       EV: 12    Int: 15    God:
Gold:   81         SH:  0    Dex: 12    Spells: 2/12 levels left

rFire    x . .     SeeInvis .   g - +0 dagger (elec)
rCold    + . .     Gourm    .   (no shield)
rNeg     + + +     Faith    .   a - +0 robe
rPois    ∞         Spirit   .   (no helmet)
rElec    .         Reflect  .   (no cloak)
rCorr    .         Harm     .   d - +0 pair of gloves
MR       .....                  (no boots)
Stlth    ++........             (no amulet)
Regen    0.1/turn               (no ring)
MPRegen  0.2/turn               (no ring)

@: very slightly contaminated
A: no food or potions, fire vulnerability, cold resistance 1, negative energy
resistance 3, torment resistance, unbreathing
a: no special abilities


You were on level 3 of the Dungeon.
You were not hungry.

You visited 1 branch of the dungeon, and saw 3 of its levels.

You collected 81 gold pieces.

Inventory:

Hand Weapons
 g - a +0 dagger of electrocution (weapon)
Armour
 a - a +0 robe (worn)
 d - a +0 pair of gloves (worn)
Scrolls
 c - a scroll of recharging {unknown}
 e - 4 scrolls of remove curse {unknown}
 f - a scroll of identify {unknown}
 h - a scroll of enchant weapon {unknown}
 i - a scroll of blinking {unknown}
Books
 b - a book of Conjurations

   Spells                             Type                      Level
   a - Magic Dart                     Conjuration                  1
   b - Searing Ray                    Conjuration                  2
   c - Dazzling Spray                 Conjuration/Hexes            3
   d - Fulminant Prism                Conjuration/Hexes            4
   e - Force Lance                    Conjuration/Translocation    4
   f - Iskenderun's Mystic Blast      Conjuration                  4


   Skills:
 - Level 1.5 Dodging
 - Level 1.5 Stealth
 + Level 4.9 Spellcasting
 - Level 4.1 Conjurations


You had 2 spell levels left.
You knew the following spells:

 Your Spells              Type           Power        Failure   Level  Hunger
a - Magic Dart            Conj           ###.         3%          1    N/A
b - Searing Ray           Conj           ###...       4%          2    N/A
c - Dazzling Spray        Conj/Hex       #.....       21%         3    N/A
d - Force Lance           Conj/Tloc      #.......     56%         4    N/A

Dungeon Overview and Level Annotations

Branches:
Dungeon (3/15)

Altars:
Ashenzari
Xom

Annotations:
D:3 Sigmund


Innate Abilities, Weirdness & Mutations

You do not eat or drink.
Your flesh is vulnerable to fire.
You are immune to poison.
Your flesh is cold resistant. (rC+)
You are immune to negative energy. (rN+++)
You are immune to unholy pain and torment.
You can survive without breathing.


Message History

Casting: Magic Dart
Confirm with . or Enter, or press ? or * to list all spells.
Aiming: Dazzling Spray
Press: ? - help, Shift-Dir - straight line, f - Sigmund
Aim: Sigmund, wielding a scythe, wearing a robe and carrying a wand of flame (?/48) {zapped: 1} You miscast Dazzling Spray.
You are very lightly contaminated with residual magic.
Wisps of smoke drift from your hands.
Sigmund zaps a wand.
The puff of flame hits you! The fire burns you terribly!
Ouch! That really hurt!
Casting: Dazzling Spray
Confirm with . or Enter, or press ? or * to list all spells.
Aiming: Dazzling Spray
Press: ? - help, Shift-Dir - straight line, f/p - Sigmund
Aim: Sigmund, wielding a scythe, wearing a robe and carrying a wand of flame (?/48) {zapped: 2} The spray of energy hits Sigmund.
Sigmund is lightly wounded.
Sigmund is dazzled.
Sigmund zaps a wand.
The puff of flame hits you! The fire burns you terribly!
You die...

###### .....########
............#
####.######.# #.# #.# #.#
#.# ####.# ####.# #######
#....###....#######.....#
.......<........@...###.#
................#####
#.#########
<....###(######.#
#.......... .%...# #.#
#.# ########### ...#.#
#(# ###.# .###.# #.#
#..@#
.###.###.####.#.#####
....................#
..#####...###÷#.###.#


You could see Sigmund (blind).

Vanquished Creatures
  4 adders
  2 oozes (D:3)
  An adder zombie (D:1)
  2 worms
  2 dart slugs (D:1)
  2 leopard geckos
  3 orcs (D:3)
  7 bats
  A bat zombie (D:1)
  5 hobgoblins
  A jackal (D:3)
  A quokka (D:2)
  5 frilled lizards
  6 goblins
  8 kobolds
  11 rats
61 creatures vanquished.

Notes
Turn   | Place    | Note
-------+----------+-------------------------------------------
     0 | D:1      | Kingsmith the Mummy Conjurer began the quest for the Orb.
     0 | D:1      | Reached XP level 1. HP: 13/13 MP: 4/4
   159 | D:1      | Reached XP level 2. HP: 4/19 MP: 0/5
   163 | D:1      | Learned a level 2 spell: Searing Ray
  1418 | D:2      | Reached XP level 3. HP: 24/24 MP: 5/7
  1423 | D:2      | Learned a level 3 spell: Dazzling Spray
  2118 | D:3      | Found a shattered altar of Ashenzari.
  2495 | D:3      | Reached XP level 4. HP: 30/30 MP: 3/9
  2552 | D:3      | Learned a level 4 spell: Force Lance
  2908 | D:3      | Noticed Sigmund
  2920 | D:3      | HP: 1/30 [Sigmund/magic dart (2)]
  3268 | D:3      | Found a shimmering altar of Xom.
  3270 | D:3      | Found a shimmering altar of Xom.
  3270 | D:3      | Found a shimmering altar of Xom.
  3273 | D:3      | Found a shimmering altar of Xom.
  3449 | D:3      | Killed from afar by Sigmund

Skill      XL: |  1  2  3  4 |
---------------+-------------+-----
Conjurations   | 4 |  4.1
Spellcasting   | 3 4 |  4.9
Dodging        | |  1.5
Stealth        | |  1.5

Action                   |  1- 3 |  4- 6 || total
-------------------------+-------+-------++-------
Melee: Spear             |     8 |       ||     8
       Unarmed           |     1 |       ||     1
       Dagger            |    42 |    12 ||    54
 Cast: Magic Dart        |    64 |    38 ||   102
       Searing Ray       |     5 |     2 ||     7
       Dazzling Spray    |       |     2 ||     2
Armor: Robe              |    27 |    11 ||    38
Dodge: Dodged            |    46 |    26 ||    72
